 Dungeon Crawl Stone Soup version 0.26-a0-54-g15ccc7ae60 (webtiles) character file.

Game seed: 13699943225163959357

153 vurker the Charmwright (level 5, -1/43 HPs)
             Began as a Gnoll Skald on June 7, 2020.
             Slain by a gnoll
             ... wielding a +0 halberd
              (11 damage)
             ... on level 3 of the Dungeon.
             The game lasted 00:03:19 (3111 turns).

vurker the Charmwright (Gnoll Skald)                Turns: 3111, Time: 00:03:20

Health: -1/43      AC:  3    Str: 13    XL:     5   Next: 35%
Magic:  12/12      EV:  7    Int: 16    God:
Gold:   104        SH:  0    Dex: 15    Spells: 10/14 levels left

rFire    . . .     SeeInvis .   a - +0 spear
rCold    . . .     Gourm    .   (no shield)
rNeg     . . .     Faith    .   b - +0 leather armour
rPois    .         Spirit   .   (no helmet)
rElec    .         Reflect  .   (no cloak)
rCorr    .         Harm     .   (no gloves)
MR       .....                  (no boots)
Stlth    ++........             n - amulet of magic regeneration
HPRegen  0.14/turn              (no ring)
MPRegen  0.38/turn              (no ring)

@: held
A: distributed training, fangs 1, strong nose
a: no special abilities


You were on level 3 of the Dungeon.
You were not hungry.

You visited 1 branch of the dungeon, and saw 3 of its levels.

You collected 104 gold pieces.

Inventory:

Hand Weapons
 a - a +0 spear (weapon)
Armour
 b - a +0 leather armour (worn)
Jewellery
 n - an amulet of magic regeneration (around neck)
   (You found it on level 1 of the Dungeon)
Scrolls
 d - a scroll of magic mapping {unknown}
 h - a scroll of fear {unknown}
 j - a scroll of amnesia {unknown}
 k - a scroll of identify {unknown}
 p - a scroll of remove curse {unknown}
 s - 2 scrolls of immolation {unknown}
 t - a scroll of random uselessness {unknown}
Potions
 c - a potion of mutation {unknown}
 f - a potion of stabbing {unknown}
 g - 2 potions of curing {unknown}
 i - a potion of flight {unknown}
 l - a potion of ambrosia {unknown}
 m - 2 potions of heal wounds {unknown}
 o - 4 potions of might {unknown}
 r - a potion of haste {unknown}
Comestibles
 e - 5 rations
 q - 2 chunks of flesh


   Skills:
 + Level 4.7 Fighting
 + Level 1.4 Short Blades
 + Level 1.4 Long Blades
 + Level 1.4 Axes
 + Level 1.4 Maces & Flails
 + Level 4.7 Polearms
 + Level 1.4 Staves
 + Level 1.4 Slings
 + Level 1.4 Bows
 + Level 1.4 Crossbows
 + Level 1.4 Throwing
 + Level 2.9 Armour
 + Level 4.7 Dodging
 + Level 1.4 Stealth
 + Level 1.4 Shields
 + Level 1.4 Unarmed Combat
 + Level 5.2 Spellcasting
 + Level 1.1 Conjurations
 + Level 1.1 Hexes
 + Level 5.5 Charms
 + Level 1.1 Summonings
 + Level 1.1 Necromancy
 + Level 1.1 Translocations
 + Level 1.1 Transmutations
 + Level 1.1 Fire Magic
 + Level 1.1 Ice Magic
 + Level 1.1 Air Magic
 + Level 1.1 Earth Magic
 + Level 1.1 Poison Magic
 + Level 1.6 Invocations
 + Level 1.4 Evocations


You had 10 spell levels left.
You knew the following spells:

 Your Spells              Type           Power        Failure   Level  Hunger
a - Spectral Weapon       Hex/Chrm       ##......     14%         3    ###....
b - Infusion              Chrm           ###.         1%          1    None

Your spell library contained the following spells:

 Spells                   Type           Power        Failure   Level  Hunger
 Song of Slaying          Chrm           ###.....     3%          2    #......
 Shroud of Golubria       Chrm/Tloc      ##....       8%          2    #......
 Ozocubu's Armour         Chrm/Ice       ##......     14%         3    ###....


Dungeon Overview and Level Annotations

Branches:
Dungeon (3/15)

Altars:


Innate Abilities, Weirdness & Mutations

Your experience applies equally to all skills.
You have very sharp teeth.
Your uncanny sense of smell can sniff out nearby items.


Message History

Found a copper ring.
There is a stone staircase leading up here.
A gnoll comes into view. It is wielding a +0 flail.
The gnoll shouts!
A gnoll comes into view.
It is wielding a +0 flail. 2 gnolls come into view.
Found 13 stones.
You draw out your weapon's spirit!
The gnoll shouts! x3
The gnoll hits you from afar with a +0 halberd.
You hit the gnoll.
Your spectral weapon hits the gnoll from afar.
The gnoll hits you with a +0 flail. The gnoll hits you with a +0 club.
The gnoll barely misses you.
You hit the gnoll.
You kill the gnoll!
The gnoll hits you with a +0 club.
You hit the gnoll but do no damage.
Your spectral weapon hits the gnoll from afar!
The gnoll hits you from afar with a +0 halberd.
The gnoll misses you.
You hit the gnoll.
You kill the gnoll!
The gnoll misses you. The gnoll closely misses you.
You hit the gnoll but do no damage.
Your spectral weapon hits the gnoll from afar.
The gnoll hits you with a +0 club!
* * * LOW HITPOINT WARNING * * *
The gnoll hits you from afar with a +0 halberd.
* * * LOW HITPOINT WARNING * * *
You hit the gnoll but do no damage.
Your spectral weapon closely misses the gnoll.
The gnoll hits you with a +0 club.
* * * LOW HITPOINT WARNING * * *
You barely miss the gnoll.
Your spectral weapon hits the gnoll from afar.
The gnoll barely misses you. x2
You barely miss the gnoll.
Your spectral weapon hits the gnoll from afar.
You kill the gnoll!
The gnoll barely misses you.
The gnoll throws a throwing net.
The throwing net barely misses your spectral weapon.
The throwing net hits you.
You become entangled in the net!
You see here a throwing net.
You struggle against the net.
Your spectral weapon fades away.
You struggle against the net.
The gnoll hits you from afar with a +0 halberd!
You die...

#.....########..#...#+.
####### ♣♣ ♣♣♣♣♣..)..
######♣P ♣..... #......
......... #.....♣
P..♣♣.....
#.....♣♣♣♣♣♣♣ ♣.....
#=........# #+##+#
######.........##
#......g.@.......
#....)...........
#.(..).#.......##
#......#.......#
#......#.<.....#
#......#.........
#############...# ...+
.#


You could see a gnoll.

Vanquished Creatures
  An orc wizard (D:3)
  3 gnolls (D:3)
  2 adders
  3 worms
  A dart slug (D:1)
  A leopard gecko (D:1)
  3 orcs (D:3)
  7 bats
  4 giant cockroaches
  5 goblins
  5 hobgoblins
  10 jackals
  7 kobolds
  2 quokkas (D:2)
  3 frilled lizards
  3 rats
60 creatures vanquished.

Notes
Turn   | Place    | Note
-------+----------+-------------------------------------------
     0 | D:1      | vurker the Gnoll Skald began the quest for the Orb.
     0 | D:1      | Reached XP level 1. HP: 20/20 MP: 6/6
   105 | D:1      | You fall into a shaft and drop 1 floor!
   113 | D:2      | Reached XP level 2. HP: 24/26 MP: 7/7
   486 | D:1      | Reached XP level 3. HP: 17/31 MP: 5/9
   490 | D:1      | Reached skill level 5 in Spellcasting
  1179 | D:2      | Learned a level 3 spell: Spectral Weapon
  1290 | D:2      | Reached skill level 1 in Invocations
  1663 | D:2      | Reached skill level 1 in Short Blades
  1663 | D:2      | Reached skill level 1 in Long Blades
  1663 | D:2      | Reached skill level 1 in Axes
  1663 | D:2      | Reached skill level 1 in Maces & Flails
  1663 | D:2      | Reached skill level 1 in Staves
  1663 | D:2      | Reached skill level 1 in Slings
  1663 | D:2      | Reached skill level 1 in Bows
  1663 | D:2      | Reached skill level 1 in Crossbows
  1663 | D:2      | Reached skill level 1 in Throwing
  1663 | D:2      | Reached skill level 1 in Stealth
  1663 | D:2      | Reached skill level 1 in Shields
  1663 | D:2      | Reached skill level 1 in Unarmed Combat
  1663 | D:2      | Reached skill level 1 in Evocations
  1741 | D:2      | Reached XP level 4. HP: 38/38 MP: 11/11
  2642 | D:3      | Found a faded altar of an unknown god.
  2999 | D:3      | Reached skill level 1 in Conjurations
  2999 | D:3      | Reached skill level 1 in Hexes
  2999 | D:3      | Reached skill level 1 in Summonings
  2999 | D:3      | Reached skill level 1 in Necromancy
  2999 | D:3      | Reached skill level 1 in Translocations
  2999 | D:3      | Reached skill level 1 in Transmutations
  2999 | D:3      | Reached skill level 1 in Fire Magic
  2999 | D:3      | Reached skill level 1 in Ice Magic
  2999 | D:3      | Reached skill level 1 in Air Magic
  2999 | D:3      | Reached skill level 1 in Earth Magic
  2999 | D:3      | Reached skill level 1 in Poison Magic
  2999 | D:3      | Reached XP level 5. HP: 34/43 MP: 5/12
  3111 | D:3      | Slain by a gnoll

Illustrated notes

Levels and vault maps discovered:
D:1:      saegor_arrival_under_anarchy, layout_loops_ring
D:2:      layout_loops_corners, kennysheep_path_1, roderic_lattice_a
D:3:      layout_basic, chequers_ecumenical_altar_island, serial_forest,
          infiniplex_forest_straight_5, infiniplex_forest_end_1,
          infiniplex_forest_join, infiniplex_forest_end_3,
          infiniplex_forest_straight_4, infiniplex_forest_clump_tiny,
          infiniplex_forest_straight_3, infiniplex_forest_clump_small,
          first_ration

Skill      XL: |  1  2  3  4 |
---------------+-------------+-----
Spellcasting   | 5 |  5.2
Invocations    | 1 |  1.6
Short Blades   | 1 |  1.4
Long Blades    | 1 |  1.4
Axes           | 1 |  1.4
Maces & Flails | 1 |  1.4
Staves         | 1 |  1.4
Slings         | 1 |  1.4
Bows           | 1 |  1.4
Crossbows      | 1 |  1.4
Throwing       | 1 |  1.4
Stealth        | 1 |  1.4
Shields        | 1 |  1.4
Unarmed Combat | 1 |  1.4
Evocations     | 1 |  1.4
Conjurations   | 1 |  1.1
Hexes          | 1 |  1.1
Summonings     | 1 |  1.1
Necromancy     | 1 |  1.1
Translocations | 1 |  1.1
Transmutations | 1 |  1.1
Fire Magic     | 1 |  1.1
Ice Magic      | 1 |  1.1
Air Magic      | 1 |  1.1
Earth Magic    | 1 |  1.1
Poison Magic   | 1 |  1.1
Fighting       | |  4.7
Polearms       | |  4.7
Armour         | |  2.9
Dodging        | |  4.7
Charms         | |  5.5

Action                   |  1- 3 |  4- 6 || total
-------------------------+-------+-------++-------
Melee: Spear             |   118 |    79 ||   197
       Bite              |     8 |    13 ||    21
 Cast: Infusion          |     3 |     1 ||     4
       Spectral Weapon   |     1 |     4 ||     5
 Stab: Sleeping          |     3 |     3 ||     6
  Eat: Chunk             |     3 |     4 ||     7
Armor: Leather armour    |    11 |     6 ||    17
Dodge: Dodged            |    59 |    34 ||    93

Table legend:
 A = Non-vault XP
 B = Vault XP
 C = Vault XP percentage of total XP
 D = Non-vault monster count
 E = Vault monster count
 F = Vault count percentage of total count
                 A         B        C        D         E       F
            +---------+---------+-------+---------+---------+-------
      Total |     219 |       0 |   0.0 |      60 |       0 |   0.0
            +---------+---------+-------+---------+---------+-------
        D:1 |      37 |       0 |   0.0 |      19 |       0 |   0.0
        D:2 |      67 |       0 |   0.0 |      29 |       0 |   0.0
        D:3 |     115 |       0 |   0.0 |      12 |       0 |   0.0
            +---------+---------+-------+---------+---------+-------
